 Dungeon Crawl Stone Soup version 0.20.1 (webtiles) character file.

1494 polve the Covert (level 8, -3/37 HPs)
             Began as a Vine Stalker Artificer on July 2, 2017.
             Killed from afar by an electric eel (10 damage)
             ... with a bolt of electricity
             ... on level 6 of the Dungeon.
             The game lasted 00:08:04 (6071 turns).

polve the Covert (Vine Stalker Artificer)           Turns: 6071, Time: 00:08:05

Health: -3/37      AC:  8    Str: 13    XL:     8   Next: 81%
Magic:  0/11       EV: 12    Int: 12    God:
Gold:   478        SH:  0    Dex: 16    Spells: 0/7 levels left

rFire    . . .     SeeInvis .   a - +0 short sword
rCold    x . .     Gourm    .   (no shield)
rNeg     . . .     Faith    .   h - +0 ring mail of Zisk {rPois rC- Str-2 Slay+5}
rPois    +         Spirit   +   (no helmet)
rElec    .         Reflect  .   E - +0 cloak (curse)
rCorr    .         Harm     .   (no gloves)
MR       +....                  u - +1 pair of boots
Stlth    ++........             (no amulet)
Regen    0.6/turn               (no ring)
MPRegen  0.2/turn               (no ring)

@: very slow
A: fangs 3, regeneration 1, magic shield, antimagic bite, no potion heal 3, rot
immunity
a: no special abilities


You were on level 6 of the Dungeon.
You were hungry.

You visited 1 branch of the dungeon, and saw 6 of its levels.

You collected 478 gold pieces.

Inventory:

Hand Weapons
 a - a +0 short sword (weapon)
Armour
 h - the +0 ring mail of Zisk (worn) {rPois rC- Str-2 Slay+5}
   (You found it on level 4 of the Dungeon)

   It affects your strength (-2).
   It affects your accuracy and damage with ranged weapons and melee attacks
   (+5).
   It makes you vulnerable to cold.
   It protects you from poison.
 u - a +1 pair of boots (worn)
 E - a cursed +0 cloak (worn)
Jewellery
 J - an uncursed amulet of the gourmand {unknown}
 L - an uncursed amulet of regeneration {unknown}
Wands
 c - a wand of flame (15/48)
 d - a wand of enslavement (15/24)
 e - a wand of random effects (15/48)
 t - a wand of paralysis (10/24)
Scrolls
 b - a scroll of random uselessness {unknown}
 g - 4 scrolls of remove curse
 k - 2 scrolls of enchant armour
 o - a scroll of magic mapping {unknown}
 q - 3 scrolls of identify
 r - a scroll of amnesia {unknown}
 s - 4 scrolls of teleportation
 v - a scroll of fog {unknown}
 y - a scroll of blinking {unknown}
 B - 2 scrolls of enchant weapon {unknown}
 F - a scroll of torment {unknown}
 G - a scroll of recharging {unknown}
 K - a scroll of immolation {unknown}
Potions
 j - a potion of haste
 m - 4 potions of flight
 n - 3 potions of degeneration {unknown}
 p - a potion of magic {unknown}
 x - a potion of lignification {unknown}
 z - a potion of resistance {unknown}
 A - a potion of brilliance {unknown}
 I - a potion of mutation {unknown}
Books
 w - a book of Geomancy

   Spells                             Type                      Level
   a - Sandblast                      Earth                        1
   b - Passwall                       Transmutation/Earth          2
   c - Stone Arrow                    Conjuration/Earth            3
   d - Petrify                        Transmutation/Earth          4
   e - Lee's Rapid Deconstruction     Earth                        5
 D - a book of Maledictions

   Spells                             Type                      Level
   a - Corona                         Hexes                        1
   b - Ensorcelled Hibernation        Hexes/Ice                    2
   c - Confuse                        Hexes                        3
   d - Tukima's Dance                 Hexes                        3
   e - Dazzling Spray                 Conjuration/Hexes            3
Comestibles
 f - 7 bread rations
 i - 12 fruits
 l - 5 meat rations
 C - 4 royal jellies


   Skills:
 - Level 0.8 Fighting
 + Level 6.8 Short Blades
 + Level 4.0 Dodging
 - Level 8.1 Stealth
 - Level 2.6 Evocations


You couldn't memorise any spells.
You knew the following spells:

 Your Spells              Type           Power        Failure   Level  Hunger
a - Ensorcelled Hibernat  Hex/Ice        #.....       73%         2    ###....
b - Passwall              Tmut/Erth      #.........   73%         2    ###....
c - Confuse               Hex            #.......     91%         3    ####...


Dungeon Overview and Level Annotations

Branches:
Dungeon (6/15)             Temple (0/1) D:5

Altars:
Ashenzari
Elyvilon
Hepliaklqana
Kikubaaqudgha
Ru
Xom


Innate Abilities, Weirdness & Mutations

You have razor-sharp teeth.
Your natural rate of healing is unusually fast.
When hurt, damage is shared between your health and your magic reserves.
Your bite disrupts and absorbs the magic of your enemies.
Potions cannot restore your health.
You are immune to rotting.


Message History

You miss the electric eel.
The electric eel is moderately wounded.
A bullfrog comes into view.
Your unstable footing causes you to fumble your attack.
The electric eel shoots out a bolt of lightning at you!
The bolt of electricity hits you!
* * * LOW HITPOINT WARNING * * *
Your unstable footing causes you to fumble your attack.
Okay, then.
You hit the electric eel.
The electric eel is severely wounded.
The electric eel shoots out a bolt of lightning at you!
The bolt of electricity hits you!
* * * LOW HITPOINT WARNING * * *
You completely miss the electric eel.
The electric eel is severely wounded.
The bullfrog barely misses you.
The electric eel shoots out a bolt of lightning at you!
The bolt of electricity hits you!
You die...

#.##..#..#...
#...........#
####.###.#.##
### #.#
#....<
♣♣≈#####.#
###.##
##♣♣≈≈...##.#
#...
#≈P≈≈P.|.#..#
#...
#≈≈≈F....#.##
#...
#♣P@PP....#.#
#...
#♣;≈P...###.#
#... #♣♣P#..#
#.# #...
###.... ##
#... #...#.
#### #..#♣ .
#... #..


You could see a bullfrog and an electric eel.

Vanquished Creatures
  Duvessa (D:5)
  3 ogres
  A centaur (D:4)
  Dowan (D:5)
  An electric eel (D:6)
  A howler monkey (D:4)
  2 vampire bats (D:2)
  A centaur zombie (D:5)
  2 hounds (D:4)
  Crazy Yiuf (D:4)
  4 orc priests
  5 orc wizards
  2 bullfrog skeletons (D:5)
  2 iguanas
  3 worker ants
  A hound zombie (D:5)
  4 gnolls (D:5)
  9 adders
  An ooze (D:5)
  An adder zombie (D:5)
  An adder skeleton (D:3)
  5 worms
  3 dart slugs (D:1)
  4 leopard geckos
  17 orcs
  8 bats
  3 bat skeletons (D:2)
  3 bat zombies (D:2)
  4 giant cockroaches
  13 goblins
  7 hobgoblins
  5 jackals
  4 quokkas
  2 ball pythons
  3 frilled lizards
  2 jackal zombies (D:5)
  4 kobolds
  A quokka skeleton (D:6)
  4 rats
139 creatures vanquished.

Vanquished Creatures (others)
  A plant (D:6)
1 creature vanquished.

Grand Total: 140 creatures vanquished

Notes
Turn   | Place    | Note
-------+----------+-------------------------------------------
     0 | D:1      | polve the Vine Stalker Artificer began the quest for the Orb.
     0 | D:1      | Reached XP level 1. HP: 9/9 MP: 3/3
     6 | D:1      | Reached skill level 1 in Short Blades
   103 | D:1      | Reached skill level 2 in Stealth
   288 | D:1      | Reached XP level 2. HP: 13/14 MP: 5/5
  1193 | D:1      | Reached XP level 3. HP: 17/17 MP: 6/6
  1522 | D:2      | Reached skill level 3 in Stealth
  2136 | D:2      | Gained mutation: Your natural rate of healing is unusually fast. [Vine Stalker growth]
  2136 | D:2      | Reached XP level 4. HP: 7/21 MP: 7/7
  2783 | D:2      | Found an ancient bone altar of Kikubaaqudgha.
  2790 | D:2      | Reached skill level 4 in Stealth
  2790 | D:2      | Reached XP level 5. HP: 23/25 MP: 8/8
  3150 | D:3      | Reached skill level 5 in Stealth
  3782 | D:4      | Got a translucent ring mail
  3809 | D:3      | Identified the +0 ring mail of Zisk {rPois rC- Str-2 Slay+5} (You found it on level 4 of the Dungeon)
  3873 | D:4      | Reached XP level 6. HP: 26/29 MP: 9/9
  3969 | D:4      | Found a shattered altar of Ashenzari.
  3996 | D:4      | Reached skill level 6 in Stealth
  4100 | D:4      | Reached XP level 7. HP: 28/32 MP: 8/10
  4415 | D:4      | Reached skill level 7 in Stealth
  4498 | D:4      | Reached skill level 5 in Short Blades
  4574 | D:4      | Found a runed door.
  4578 | D:4      | Noticed Crazy Yiuf
  4582 | D:4      | Killed Crazy Yiuf
  4634 | D:5      | Entered Level 5 of the Dungeon
  4682 | D:5      | Noticed Dowan
  4682 | D:5      | Noticed Duvessa
  4696 | D:5      | Killed Duvessa
  4700 | D:5      | Killed Dowan
  4700 | D:5      | Reached skill level 8 in Stealth
  4706 | D:5      | Gained mutation: You have razor-sharp teeth. [Vine Stalker growth]
  4706 | D:5      | Reached XP level 8. HP: 33/37 MP: 11/11
  4758 | D:5      | Found a staircase to the Ecumenical Temple.
  5116 | D:5      | Learned a level 2 spell: Ensorcelled Hibernation
  5119 | D:5      | Learned a level 2 spell: Passwall
  5123 | D:5      | Learned a level 3 spell: Confuse
  5429 | D:6      | Found a white marble altar of Elyvilon.
  5582 | D:6      | Found a shimmering altar of Xom.
  5589 | D:6      | Found a shimmering altar of Xom.
  5590 | D:6      | Found a shimmering altar of Xom.
  5590 | D:6      | Found a shimmering altar of Xom.
  5590 | D:6      | Found a shimmering altar of Xom.
  5607 | D:6      | Found a shimmering altar of Xom.
  5609 | D:6      | Found a shimmering altar of Xom.
  5609 | D:6      | Found a shimmering altar of Xom.
  5739 | D:6      | Found a sacrificial altar of Ru.
  5739 | D:6      | Found a hazy altar of Hepliaklqana.
  6071 | D:6      | Killed from afar by an electric eel

Skill      XL: |  1  2  3  4  5  6  7  8 |
---------------+-------------------------+-----
Short Blades   | 1 2 3 4 5 6 |  6.8
Stealth        | 2 3 4 5 6 8 |  8.1
Dodging        | 4 |  4.0
Fighting       | |  0.8
Evocations     | |  2.6

Action                   |  1- 3 |  4- 6 |  7- 9 || total
-------------------------+-------+-------+-------++-------
Melee: Short sword       |   128 |   182 |   189 ||   499
       Bite              |    23 |    50 |    52 ||   125
  Use: Potion            |       |     3 |       ||     3
       Scroll            |       |     1 |     4 ||     5
 Stab: Sleeping          |     3 |     6 |     4 ||    13
  Eat: Chunk             |     4 |     6 |     6 ||    16
Armor: Leather armour    |     1 |     1 |       ||     2
       Robe              |    24 |    30 |       ||    54
       Ring mail         |       |    15 |    44 ||    59
Dodge: Dodged            |    72 |   115 |    66 ||   253
